TOP OF THE 1ST |
Colorado (EL) Rockies batting - Pitching for Tennessee Smokies : RHP Bogdan Sdobnyakov
|
Pitching: RHP Bogdan Sdobnyakov
|
|
Batting: SHB Jamie Mims
|
0-0: Ball 1-0: Foul Ball, location: 2F 1-1: Ball 2-1: Foul Ball, location: 2F 2-2: Strikes out looking
|
Batting: RHB Ryan Rinaldi
|
0-0: Ball 1-0: Called Strike 1-1: Ball 2-1: Foul Ball, location: 2F 2-2: Foul Ball, location: 2F 2-2: Ball 3-2: Base on Balls
|
Batting: SHB Bobby Santor
|
0-0: Ball 1-0: Called Strike 1-1: Ball 2-1: Foul Ball, location: 2F 2-2: Ball 3-2: Base on Balls Ryan Rinaldi to second
|
Batting: RHB Wali Mulogo
|
0-0: Ball 1-0: Ball 2-0: Called Strike 2-1: Called Strike 2-2: Strikes out swinging
|
Pitching: RHP Roberto Cruz
|
|
Batting: RHB John Corfield
|
0-0: Ball 1-0: Foul Ball, location: 2F 1-1: Ball 2-1: Ball 3-1: Foul Ball, location: 2F 3-2: Base on Balls Ryan Rinaldi to third Bobby Santor to second
|
Batting: RHB Chris Tatum
|
0-0: Ground out U3 (Groundball, 34, EV 110.6 MPH)
|
Top of the 1st over - 0 runs, 0 hits, 0 errors, 3 left on base; Colorado (EL) 0 - Tennessee 0 |
BOTTOM OF THE 1ST |
Tennessee Smokies batting - Pitching for Colorado (EL) Rockies : RHP Jalen Young
|
Pitching: RHP Jalen Young
|
|
Batting: LHB Nate Greening
|
0-0: Ball 1-0: Ball 2-0: Ball 3-0: Called Strike 3-1: Called Strike 3-2: Base on Balls
|
Batting: RHB Du Kim
|
0-0: Ball Nate Greening steals 2nd base (no throw) 1-0: Ground out 6-3 (Groundball, 56, EV 85.0 MPH)
|
Batting: RHB Ricky Ramirez
|
0-0: Ball 1-0: Swinging Strike 1-1: Ball 2-1: Foul Ball, location: 2F 2-2: Ball 3-2: Base on Balls
|
Batting: RHB Armando Vilano
|
0-0: Foul Ball, location: 2F 0-1: Ball 1-1: Hit by Pitch Nate Greening to third Ricky Ramirez to second
|
Batting: RHB Taylor Garofalo
|
0-0: Foul Ball, location: 2F 0-1: Hit by Pitch Nate Greening scores Ricky Ramirez to third Armando Vilano to second
|
Batting: RHB Roy Battist
|
0-0: Foul Ball, location: 2F 0-1: Ball 1-1: Ball Wild Pitch! Ricky Ramirez scores Armando Vilano to third Taylor Garofalo to second 2-1: Swinging Strike 2-2: Fly out, F6 (Popup, P, EV 87.5 MPH)
|
Batting: LHB Emir Jalil
|
0-0: Ball 1-0: Swinging Strike 1-1: Ball 2-1: Foul Ball, location: 2F 2-2: Ball 3-2: Base on Balls
|
Batting: RHB Dylan Burke
|
0-0: Called Strike 0-1: Called Strike 0-2: Foul Ball, location: 2F 0-2: Strikes out swinging
|
Bottom of the 1st over - 2 runs, 0 hits, 0 errors, 3 left on base; Colorado (EL) 0 - Tennessee 2 |
TOP OF THE 2ND |
Colorado (EL) Rockies batting - Pitching for Tennessee Smokies : RHP Roberto Cruz
|
Batting: SHB Craig Ruzic
|
0-0: Ball 1-0: Ground out 6-3 (Groundball, 6, EV 83.8 MPH)
|
Batting: RHB Seisaburo Edagawa
|
0-0: Ball 1-0: Ball 2-0: Ball 3-0: Called Strike 3-1: Swinging Strike 3-2: Strikes out looking
|
Batting: LHB Jerry Santana
|
0-0: Ball 1-0: SINGLE (Line Drive, 4MD, EV 98.8 MPH)
|
Batting: SHB Jamie Mims
|
0-0: Ground out 1-3 (Groundball, 34S, EV 74.4 MPH)
|
Top of the 2nd over - 0 runs, 1 hit, 0 errors, 1 left on base; Colorado (EL) 0 - Tennessee 2 |
BOTTOM OF THE 2ND |
Tennessee Smokies batting - Pitching for Colorado (EL) Rockies : RHP Jalen Young
|
Batting: RHB Alvaro Romero
|
0-0: Foul Ball, location: 2F 0-1: Ground out 6-3 (Groundball, 6, EV 86.9 MPH)
|
Batting: LHB Nate Greening
|
0-0: Called Strike 0-1: Ball 1-1: Ball 2-1: Swinging Strike 2-2: Strikes out swinging
|
Batting: RHB Du Kim
|
0-0: Swinging Strike 0-1: Swinging Strike 0-2: Ball 1-2: Foul Ball, location: 2F 1-2: Foul Ball, location: 2F 1-2: Ball 2-2: Foul Ball, location: 2F 2-2: Ball 3-2: Strikes out swinging
|
Bottom of the 2nd over - 0 runs, 0 hits, 0 errors, 0 left on base; Colorado (EL) 0 - Tennessee 2 |
TOP OF THE 3RD |
Colorado (EL) Rockies batting - Pitching for Tennessee Smokies : RHP Roberto Cruz
|
Pitching: RHP Anastagio Fasola
|
|
Batting: RHB Ryan Rinaldi
|
0-0: Ball 1-0: Foul Ball, location: 2F 1-1: Ground out 6-3 (Groundball, 6MS, EV 78.1 MPH)
|
Batting: SHB Bobby Santor
|
0-0: Ball 1-0: TRIPLE (Flyball, 78XD, EV 114.4 MPH)
|
Batting: RHB Wali Mulogo
|
0-0: Ball 1-0: Ball 2-0: Ball 3-0: Foul Ball, location: 2F 3-1: Foul Ball, location: 2F 3-2: Foul Ball, location: 2F 3-2: Foul Ball, location: 2F 3-2: Base on Balls
|
Batting: RHB John Corfield
|
0-0: Called Strike 0-1: Ball 1-1: Foul Ball, location: 2F 1-2: Fly out, F2 (Popup, 23F, EV 90.0 MPH)
|
Batting: RHB Chris Tatum
|
0-0: SINGLE (Groundball, 13S, EV 72.5 MPH) (infield hit) Bobby Santor scores Wali Mulogo to second
|
Pitching: RHP Jose Ramirez
|
|
Batting: SHB Craig Ruzic
|
0-0: Ball 1-0: Called Strike 1-1: Ball 2-1: Ground out 4-3 (Groundball, 4, EV 102.5 MPH)
|
Top of the 3rd over - 1 run, 2 hits, 0 errors, 2 left on base; Colorado (EL) 1 - Tennessee 2 |
BOTTOM OF THE 3RD |
Tennessee Smokies batting - Pitching for Colorado (EL) Rockies : RHP Jalen Young
|
Batting: RHB Ricky Ramirez
|
0-0: Called Strike 0-1: Ball 1-1: Foul Ball, location: 2F 1-2: Foul Ball, location: 2F 1-2: Ball 2-2: Foul Ball, location: 2F 2-2: Foul Ball, location: 2F 2-2: Ball 3-2: Ground out 6-3 (Groundball, 56, EV 103.1 MPH)
|
Batting: RHB Armando Vilano
|
0-0: Ball 1-0: Swinging Strike 1-1: Swinging Strike 1-2: Strikes out swinging
|
Batting: RHB Taylor Garofalo
|
0-0: Ball 1-0: Swinging Strike 1-1: Swinging Strike 1-2: Ball 2-2: Strikes out looking
|
Bottom of the 3rd over - 0 runs, 0 hits, 0 errors, 0 left on base; Colorado (EL) 1 - Tennessee 2 |
TOP OF THE 4TH |
Colorado (EL) Rockies batting - Pitching for Tennessee Smokies : RHP Jose Ramirez
|
Batting: RHB Seisaburo Edagawa
|
0-0: Ball 1-0: Called Strike 1-1: Ball 2-1: Ground out 6-3 (Groundball, 6, EV 105.0 MPH)
|
Batting: LHB Jerry Santana
|
0-0: Foul Ball, location: 2F 0-1: Swinging Strike 0-2: Strikes out swinging
|
Batting: SHB Jamie Mims
|
0-0: Ball 1-0: Foul Ball, location: 2F 1-1: Ball 2-1: Called Strike 2-2: Strikes out swinging
|
Top of the 4th over - 0 runs, 0 hits, 0 errors, 0 left on base; Colorado (EL) 1 - Tennessee 2 |
BOTTOM OF THE 4TH |
Tennessee Smokies batting - Pitching for Colorado (EL) Rockies : RHP Jalen Young
|
Batting: RHB Roy Battist
|
0-0: Ball 1-0: Ball 2-0: Ground out 5-3 (Groundball, 56S, EV 83.8 MPH)
|
Batting: LHB Emir Jalil
|
0-0: Called Strike 0-1: Swinging Strike 0-2: Hit by Pitch
|
Batting: RHB Dylan Burke
|
0-0: Foul Ball, location: 2F 0-1: Called Strike 0-2: Ball Wild Pitch! Emir Jalil to second 1-2: Strikes out looking
|
Batting: RHB Alvaro Romero
|
0-0: Foul Ball, location: 2F 0-1: Called Strike 0-2: Strikes out swinging
|
Bottom of the 4th over - 0 runs, 0 hits, 0 errors, 1 left on base; Colorado (EL) 1 - Tennessee 2 |
TOP OF THE 5TH |
Colorado (EL) Rockies batting - Pitching for Tennessee Smokies : RHP Jose Ramirez
|
Batting: RHB Ryan Rinaldi
|
0-0: Ball 1-0: Swinging Strike 1-1: Foul Ball, location: 2F 1-2: Foul Ball, location: 2F 1-2: Fly out, F9 (Flyball, 9LM, EV 99.4 MPH)
|
Pitching: LHP Ricardo Saucedo
|
|
Batting: SHB Bobby Santor
|
0-0: Ball 1-0: Foul Ball, location: 2F 1-1: Ball 2-1: Foul Ball, location: 2F 2-2: Ball 3-2: SINGLE (Flyball, 8RM, EV 84.4 MPH)
|
Batting: RHB Wali Mulogo
|
0-0: SINGLE (Flyball, 56D, EV 87.5 MPH) Bobby Santor to second
|
Batting: RHB John Corfield
|
0-0: Ball 1-0: Ball 2-0: Ball 3-0: Fly out, F9 (Line Drive, 9LM, EV 85.6 MPH)
|
Batting: RHB Chris Tatum
|
0-0: Called Strike 0-1: SINGLE (Groundball, 56S, EV 74.4 MPH) (infield hit) Bobby Santor to third Wali Mulogo to second
|
Batting: SHB Craig Ruzic
|
0-0: SINGLE (Groundball, 56D, EV 103.1 MPH) Bobby Santor scores Wali Mulogo to third Chris Tatum to second Runner from 3rd tries for Home, SAFE, throw by LF to home
|
Batting: RHB Seisaburo Edagawa
|
0-0: 3-RUN HOME RUN (Line Drive, 9LD, EV 91.2 MPH), Distance : 346 ft
|
Pitching: RHP Velimir Sljivancanin
|
|
Batting: LHB Jerry Santana
|
0-0: Called Strike 0-1: Ball 1-1: Called Strike 1-2: Ball 2-2: Ball 3-2: Strikes out swinging
|
Top of the 5th over - 5 runs, 5 hits, 0 errors, 0 left on base; Colorado (EL) 6 - Tennessee 2 |
BOTTOM OF THE 5TH |
Tennessee Smokies batting - Pitching for Colorado (EL) Rockies : RHP Jalen Young
|
Batting: LHB Nate Greening
|
0-0: Called Strike 0-1: Ball 1-1: Foul Ball, location: 2F 1-2: Strikes out looking
|
Batting: RHB Du Kim
|
0-0: Foul Ball, location: 2F 0-1: Foul Ball, location: 2F 0-2: Ball 1-2: Ball 2-2: Strikes out swinging
|
Batting: RHB Ricky Ramirez
|
0-0: Ball 1-0: Hit by Pitch
|
Batting: RHB Armando Vilano
|
0-0: Called Strike 0-1: Ball 1-1: Swinging Strike 1-2: Foul Ball, location: 2F 1-2: Foul Ball, location: 2F 1-2: Ball 2-2: Strikes out looking
|
Bottom of the 5th over - 0 runs, 0 hits, 0 errors, 1 left on base; Colorado (EL) 6 - Tennessee 2 |
TOP OF THE 6TH |
Colorado (EL) Rockies batting - Pitching for Tennessee Smokies : RHP Velimir Sljivancanin
|
Batting: SHB Jamie Mims
|
0-0: Ball 1-0: SINGLE (Groundball, 34D, EV 110.6 MPH)
|
Batting: RHB Ryan Rinaldi
|
0-0: Called Strike Jamie Mims steals 2nd base 0-1: Ball 1-1: Ball 2-1: Foul Ball, location: 2F 2-2: Foul Ball, location: 2F 2-2: Foul Ball, location: 2F 2-2: Foul Ball, location: 2F 2-2: Ball 3-2: Base on Balls
|
Batting: SHB Bobby Santor
|
0-0: Ball 1-0: Fielders Choice at 2nd, 3-6 (Groundball, 34S, EV 80.0 MPH) Jamie Mims to third
|
Batting: RHB Wali Mulogo
|
0-0: Ball 1-0: Ball 2-0: Ball 3-0: Foul Ball, location: 2F 3-1: Base on Balls Bobby Santor to second
|
Batting: RHB John Corfield
|
0-0: Foul Ball, location: 2F 0-1: Called Strike 0-2: GRAND SLAM HOME RUN (Flyball, 89XD, EV 103.8 MPH), Distance : 404 ft
|
Batting: RHB Chris Tatum
|
0-0: Ball 1-0: Ball 2-0: Ball 3-0: Base on Balls
|
Batting: SHB Craig Ruzic
|
0-0: Called Strike 0-1: Ball 1-1: Ball 2-1: Swinging Strike 2-2: Ball 3-2: Base on Balls Chris Tatum to second
|
Batting: RHB Seisaburo Edagawa
|
0-0: Called Strike 0-1: Ball 1-1: Foul Ball, location: 2F 1-2: Ball 2-2: Ball 3-2: Base on Balls Chris Tatum to third Craig Ruzic to second
|
Batting: LHB Jerry Santana
|
0-0: Called Strike 0-1: DOUBLE (Line Drive, 5D, EV 106.9 MPH) Chris Tatum scores Craig Ruzic scores Seisaburo Edagawa to third
|
Pitching: RHP Juan Bonilla
|
|
Batting: SHB Jamie Mims
|
0-0: Ground out U3 (Groundball, 3L, EV 95.0 MPH)
|
Batting: RHB Ryan Rinaldi
|
0-0: Ball 1-0: Fly out, F9 (Line Drive, 9, EV 90.0 MPH)
|
Top of the 6th over - 6 runs, 3 hits, 0 errors, 2 left on base; Colorado (EL) 12 - Tennessee 2 |
BOTTOM OF THE 6TH |
Tennessee Smokies batting - Pitching for Colorado (EL) Rockies : RHP Jalen Young
|
Batting: RHB Taylor Garofalo
|
0-0: Called Strike 0-1: Swinging Strike 0-2: Strikes out swinging
|
Pitching: LHP Domenic Wells
|
|
Batting: RHB Roy Battist
|
0-0: SINGLE (Groundball, 4MD, EV 109.4 MPH)
|
Batting: LHB Emir Jalil
|
0-0: SINGLE (Groundball, 34D, EV 101.9 MPH) Roy Battist to second
|
Batting: RHB Dylan Burke
|
0-0: Ball 1-0: Called Strike 1-1: Grounds into double play, 1-4-3 (Groundball, 15, EV 75.6 MPH)
|
Bottom of the 6th over - 0 runs, 2 hits, 0 errors, 1 left on base; Colorado (EL) 12 - Tennessee 2 |
TOP OF THE 7TH |
Colorado (EL) Rockies batting - Pitching for Tennessee Smokies : RHP Juan Bonilla
|
Batting: SHB Bobby Santor
|
0-0: Ball 1-0: Ball 2-0: Ball 3-0: Base on Balls
|
Batting: RHB Wali Mulogo
|
0-0: Ball 1-0: Ball 2-0: Swinging Strike 2-1: Ball 3-1: Base on Balls Bobby Santor to second
|
Batting: RHB John Corfield
|
0-0: Ball 1-0: Called Strike 1-1: Grounds into double play, 5-4-3 (Groundball, 56, EV 93.1 MPH) Bobby Santor to third
|
Batting: RHB Chris Tatum
|
0-0: Called Strike 0-1: Ball 1-1: Ball 2-1: Foul Ball, location: 2F 2-2: Foul Ball, location: 2F 2-2: Foul Ball, location: 2F 2-2: Ball 3-2: Base on Balls
|
Batting: SHB Craig Ruzic
|
0-0: Ball 1-0: Ball 2-0: Foul Ball, location: 2F 2-1: Swinging Strike 2-2: Ball 3-2: Base on Balls Chris Tatum to second
|
Pitching: RHP Daigo Ishii
|
|
Batting: RHB Seisaburo Edagawa
|
0-0: Ball 1-0: Ball 2-0: Fielders Choice at 2nd, 6-4 (Groundball, 6, EV 111.2 MPH)
|
Top of the 7th over - 0 runs, 0 hits, 0 errors, 3 left on base; Colorado (EL) 12 - Tennessee 2 |
BOTTOM OF THE 7TH |
Tennessee Smokies batting - Pitching for Colorado (EL) Rockies : LHP Domenic Wells
|
Batting: RHB Alvaro Romero
|
0-0: Called Strike 0-1: Swinging Strike 0-2: Strikes out swinging
|
Batting: LHB Nate Greening
|
0-0: Called Strike 0-1: Called Strike 0-2: Strikes out swinging
|
Batting: RHB Du Kim
|
0-0: DOUBLE (Line Drive, 78D, EV 104.4 MPH)
|
Batting: RHB Ricky Ramirez
|
0-0: Ball 1-0: Called Strike 1-1: Fly out, F6 (Line Drive, 6M, EV 73.1 MPH)
|
Bottom of the 7th over - 0 runs, 1 hit, 0 errors, 1 left on base; Colorado (EL) 12 - Tennessee 2 |
TOP OF THE 8TH |
Colorado (EL) Rockies batting - Pitching for Tennessee Smokies : RHP Daigo Ishii
|
Batting: LHB Jerry Santana
|
0-0: Ground out 5-3 (Groundball, 5, EV 85.0 MPH)
|
Batting: SHB Jamie Mims
|
0-0: Foul Ball, location: 2F 0-1: Foul Ball, location: 2F 0-2: Ball 1-2: Foul Ball, location: 2F 1-2: Ground out 4-3 (Groundball, P, EV 85.0 MPH)
|
Batting: RHB Ryan Rinaldi
|
0-0: Called Strike 0-1: Hit by Pitch
|
Batting: SHB Bobby Santor
|
0-0: Fly out, F7 (Flyball, 7LDF, EV 104.4 MPH)
|
Top of the 8th over - 0 runs, 0 hits, 0 errors, 1 left on base; Colorado (EL) 12 - Tennessee 2 |
BOTTOM OF THE 8TH |
Tennessee Smokies batting - Pitching for Colorado (EL) Rockies : LHP Domenic Wells
|
Batting: RHB Armando Vilano
|
0-0: Ball 1-0: SINGLE (Groundball, 4MD, EV 101.2 MPH)
|
Batting: RHB Taylor Garofalo
|
0-0: Ball 1-0: Ball 2-0: Ball 3-0: Called Strike 3-1: Base on Balls Armando Vilano to second
|
Batting: RHB Roy Battist
|
0-0: Ball 1-0: Fielders Choice at 2nd, 4-6 (Groundball, 34D, EV 105.0 MPH) Armando Vilano to third
|
Batting: LHB Emir Jalil
|
0-0: Foul Ball, location: 2F 0-1: Foul Ball, location: 2F 0-2: Ball 1-2: Grounds into double play, 4-6-3 (Groundball, 4, EV 103.1 MPH)
|
Bottom of the 8th over - 0 runs, 1 hit, 0 errors, 1 left on base; Colorado (EL) 12 - Tennessee 2 |
TOP OF THE 9TH |
Colorado (EL) Rockies batting - Pitching for Tennessee Smokies : RHP Daigo Ishii
|
Batting: RHB Wali Mulogo
|
0-0: Ball 1-0: SOLO HOME RUN (Flyball, 9LD, EV 93.8 MPH), Distance : 342 ft
|
Batting: RHB John Corfield
|
0-0: Called Strike 0-1: SINGLE (Groundball, 4MD, EV 104.4 MPH) (infield hit)
|
Batting: RHB Chris Tatum
|
0-0: Ball 1-0: Ball 2-0: Foul Ball, location: 2F 2-1: Ball 3-1: Foul Ball, location: 2F 3-2: Base on Balls John Corfield to second
|
Batting: SHB Craig Ruzic
|
0-0: Called Strike 0-1: Grounds into double play, 3-6-1 (Groundball, 34, EV 81.2 MPH) John Corfield to third
|
Batting: RHB Seisaburo Edagawa
|
0-0: Ball 1-0: Called Strike 1-1: Ball 2-1: Ball 3-1: Called Strike 3-2: Base on Balls
|
Pitching: RHP Denis Rachin
|
|
Batting: LHB Jerry Santana
|
0-0: Ball 1-0: Foul Ball, location: 2F 1-1: Foul Ball, location: 2F 1-2: Ball 2-2: Ball 3-2: Foul Ball, location: 2F 3-2: Ground out 5-3 (Groundball, 5, EV 83.1 MPH)
|
Top of the 9th over - 1 run, 2 hits, 0 errors, 2 left on base; Colorado (EL) 13 - Tennessee 2 |
BOTTOM OF THE 9TH |
Tennessee Smokies batting - Pitching for Colorado (EL) Rockies : LHP Domenic Wells
|
Batting: RHB Dylan Burke
|
0-0: Swinging Strike 0-1: Ball 1-1: Ball 2-1: Foul Ball, location: 2F 2-2: Foul Ball, location: 2F 2-2: Ball 3-2: Base on Balls
|
Batting: RHB Alvaro Romero
|
0-0: Fielders Choice at 2nd, 6-4 (Groundball, 6, EV 83.1 MPH)
|
Batting: LHB Nate Greening
|
0-0: Ball 1-0: Ball 2-0: Ball 3-0: Called Strike 3-1: Foul Ball, location: 2F 3-2: Strikes out swinging
|
Batting: RHB Du Kim
|
0-0: Called Strike 0-1: Swinging Strike 0-2: Foul Ball, location: 2F 0-2: Ball 1-2: Strikes out looking
|
Bottom of the 9th over - 0 runs, 0 hits, 0 errors, 1 left on base; Colorado (EL) 13 - Tennessee 2 |
|